Map: Proxima Station LE

Players

Optimus - Winner!

  • Race: Terran Terran
  • Spawn Location: 1:00

Majestic

  • Race: Protoss Protoss
  • Spawn Location: 7:00

Event: WCS Valencia 2017

VOD

Have the link to the VOD?

Description

Time

  • Played on: July 13, 2017, 11:06 a.m.
  • Length: 9:24

All games in this series

Show
View Real Time Build Order
Export as new Build Order

Optimus Terran - Winner!

Build Orders: Reaper Expand, MMM Bio 

Get SALT Encoding   

  12  0:00  SCV  
  13  0:12  SCV  
  14  0:17  Supply Depot  
  14  0:24  SCV  
  15  0:29  Refinery  
  15  0:39  SCV  
  16  0:45  Barracks  
  16  0:51  SCV  
  17  1:03  SCV  
  18  1:15  SCV  
  19  1:31  Orbital Command  
  19  1:32  Reaper  
  20  1:43  Command Center  
  20  1:55  Factory  
  20  1:59  SCV  
  21  2:06  Barracks Reactor  
  21  2:10  Supply Depot  
  21  2:13  SCV  
  22  2:22  Refinery  
  22  2:25  SCV  
  23  2:31  Engineering Bay  
  22  2:37  SCV  
  22  2:39  Widow Mine  
  25  2:46  Marine x2  
  27  2:52  SCV, Starport  
  27  2:58  Orbital Command  
  28  3:04  Marine x2  
  30  3:07  SCV  
  31  3:13  Widow Mine  
  31  3:19  SCV  
  34  3:21  Marine  
  34  3:22  Marine  
  34  3:25  SCV  
  37  3:31  SCV, Viking  
  40  3:37  SCV  
  40  3:38  Supply Depot  
  40  3:41  Marine  
  41  3:42  Marine  
  41  3:46  Widow Mine  
  40  3:56  SCV  
  40  3:57  SCV  
  40  4:00  Marine x2  
  40  4:01  Medivac  
  46  4:07  Supply Depot  
  46  4:09  SCV x2  
  48  4:16  Widow Mine  
  49  4:21  SCV x2  
  49  4:23  Marine  
  52  4:30  Supply Depot  
  52  4:33  SCV x2  
  52  4:34  Medivac  
  56  4:42  Marine  
  56  4:44  Marine  
  56  4:45  SCV x2  
  60  4:57  SCV  
  61  5:02  SCV  
  61  5:04  Command Center  
  61  5:05  Marine  
  61  5:06  Marine  
  64  5:10  SCV  
  65  5:14  SCV  
  65  5:19  Barracks  
  65  5:23  Starport Tech Lab  
  65  5:26  SCV, Barracks  
  65  5:27  Marine  
  67  5:29  SCV  
  65  5:37  Marine  
  65  5:38  SCV, Factory Tech Lab  
  68  5:44  Marine  
  68  5:45  SCV  
  69  5:50  SCV  
  69  5:53  Starport Reactor  
  70  5:58  Refinery  
  70  5:59  Supply Depot  
  70  6:10  Barracks  
  70  6:11  Factory Reactor  
  70  6:12  Marine, Barracks  
  70  6:13  SCV  
  70  6:15  SCV  
  70  6:16  Stimpack  
  70  6:18  Orbital Command  
  71  6:22  Marine x2  
  71  6:25  SCV, Marine  
  75  6:27  SCV  
  74  6:33  Engineering Bay  
  74  6:34  Engineering Bay  
  74  6:37  SCV  
  74  6:38  Refinery  
  74  6:39  Combat Shields  
  75  6:40  Marine  
  75  6:41  Marine  
  75  6:43  SCV  
  78  6:48  Orbital Command  
  78  6:53  Marauder x2  
  82  6:55  SCV  
  82  6:57  SCV  
  82  6:58  Barracks Reactor, Marine  
  82  7:00  Terran Infantry Armor Level 1, Terran Infantry Weapons Level 1  
  82  7:07  SCV  
  83  7:08  Barracks Tech Lab  
  83  7:14  Marine  
  83  7:15  Marauder x2, SCV x2  
  88  7:16  Marine  
  88  7:19  Widow Mine  
  88  7:20  Supply Depot x2  
  93  7:30  Missile Turret  
  93  7:32  Missile Turret  
  93  7:36  Missile Turret  
  93  7:41  Widow Mine  
  93  7:42  Marauder, Marine x4, SCV x3  
  104  7:45  Marauder  
  104  7:48  Marauder  
  108  7:54  SCV  
  109  8:02  SCV  
  109  8:03  Supply Depot  
  109  8:10  Bunker  
  109  8:14  Concussive Shells  
  109  8:24  Marauder x3, Marine, SCV  
  117  8:31  Barracks  
  117  8:35  Barracks, Supply Depot  
  117  8:36  Barracks  
  117  8:37  Marine, Supply Depot  
  117  8:38  Marine, SCV  
  117  8:40  Marine, Medivac, SCV  
  117  8:41  SCV  
  117  8:42  Medivac  
  117  8:43  Widow Mine  
  117  8:44  Widow Mine  
  117  8:46  Marine  
  117  8:47  Marauder  
  117  8:50  Marine  
  117  8:53  SCV  
  117  8:56  Marine x2  
  117  8:57  Marauder  
  117  8:58  Supply Depot  
  117  9:01  Bunker  
  121  9:07  SCV x2  
  122  9:10  SCV  
Show
View Real Time Build Order
Export as new Build Order

Majestic Protoss 

Build Orders: Oracle Opening, Phoenix Opening 

Get SALT Encoding   

  12  0:00  Probe (Chrono Boost)  
  13  0:11  Probe (Chrono Boost)  
  14  0:19  Pylon  
  14  0:22  Probe (Chrono Boost)  
  15  0:37  Probe (Chrono Boost)  
  15  0:38  Gateway  
  15  0:42  Assimilator  
  16  0:47  Probe (Chrono Boost)  
  17  0:56  Assimilator  
  17  0:58  Probe (Chrono Boost)  
  18  1:08  Probe (Chrono Boost)  
  19  1:15  Pylon  
  19  1:19  Probe (Chrono Boost)  
  19  1:25  Cybernetics Core  
  20  1:30  Probe (Chrono Boost)  
  21  1:40  Probe (Chrono Boost)  
  22  1:51  Probe (Chrono Boost)  
  24  2:01  Probe (Chrono Boost), Warp Gate  
  24  2:02  Adept (Chrono Boost)  
  24  2:07  Stargate  
  25  2:20  Probe  
  26  2:33  Adept (Chrono Boost)  
  26  2:35  Pylon  
  28  2:39  Pylon  
  28  2:46  Nexus  
  28  2:55  Oracle (Chrono Boost)  
  31  3:00  Probe  
  32  3:12  Probe  
  33  3:16  Gateway  
  33  3:24  Probe  
  33  3:25  Gateway  
  34  3:36  Probe  
  34  3:37  Phoenix (Chrono Boost)  
  37  3:48  Probe  
  38  3:58  Probe  
  38  4:00  Probe  
  40  4:04  Phoenix (Chrono Boost)  
  40  4:08  Probe  
  42  4:12  Probe  
  42  4:16  Adept  
  46  4:19  Probe  
  46  4:20  Pylon  
  47  4:24  Probe  
  47  4:26  Phoenix (Chrono Boost)  
  47  4:29  Probe  
  51  4:36  Probe (Chrono Boost)  
  52  4:41  Probe (Chrono Boost)  
  53  4:48  Mothership Core (Chrono Boost), Phoenix  
  53  4:52  Probe (Chrono Boost)  
  57  4:59  Sentry  
  59  5:03  Probe (Chrono Boost)  
  59  5:06  Nexus  
  59  5:07  Probe (Chrono Boost)  
  61  5:10  Pylon  
  61  5:13  Probe (Chrono Boost)  
  62  5:17  Probe (Chrono Boost)  
  63  5:24  Probe (Chrono Boost)  
  63  5:28  Probe (Chrono Boost), Twilight Council  
  65  5:34  Probe (Chrono Boost)  
  55  5:38  Probe (Chrono Boost)  
  55  5:41  Forge  
  56  5:43  Oracle  
  56  5:45  Probe (Chrono Boost)  
  56  5:47  Adept  
  56  5:49  Probe (Chrono Boost)  
  63  5:51  Sentry  
  63  5:55  Probe (Chrono Boost)  
  66  5:59  Probe (Chrono Boost)  
  66  6:06  Probe (Chrono Boost)  
  66  6:10  Probe (Chrono Boost)  
  59  6:15  Probe (Chrono Boost)  
  59  6:18  Resonating Glaives (Chrono Boost), Probe  
  60  6:21  Probe  
  60  6:25  Probe  
  62  6:29  Probe  
  62  6:31  Protoss Ground Weapons Level 1  
  64  6:33  Probe  
  64  6:36  Probe  
  64  6:39  Probe  
  66  6:42  Assimilator  
  66  6:45  Probe  
  66  6:46  Probe  
  68  6:50  Probe  
  70  6:57  Probe x2  
  72  7:02  Probe  
  72  7:04  Adept x3  
  79  7:09  Probe  
  80  7:16  Pylon  
  80  7:19  Gateway  
  80  7:21  Gateway  
  80  7:28  Gateway  
  80  7:29  Gateway  
  80  7:30  Gateway  
  80  7:35  Adept x2  
  84  7:40  Gateway  
  84  7:41  Probe x2  
  86  7:46  Probe  
  87  7:56  Adept x3  
  93  8:09  Probe  
  93  8:10  Probe, Pylon  
  93  8:11  Probe  
  93  8:12  Pylon  
  96  8:13  Pylon  
  96  8:20  Adept x2  
  96  8:23  Pylon  
  100  8:29  Adept x4  
  94  8:53  Adept  
  94  8:54  Adept x5  
  94  8:55  Adept x3  
  102  9:14  Adept  
  102  9:15  Adept x7  
  102  9:16  Adept  
Tags
 
Add a new tag
Caveats
  • Supply blocks, unpowered buildings, or Contaminate may cause inaccurate times.
  • Supply counts are checked every 10 seconds.